 Dungeon Crawl Stone Soup version 0.31.0-11-ge490571c62 (webtiles) character file.

Game seed: 7100668920188452151

25567 thirtiethelement the Martial Artist (level 13, -9/80 HPs)
             Began as an Octopode Shapeshifter on Feb 6, 2024.
             Was a High Priest of Okawaru.
             Mangled by a +2 scimitar of chaos (22 damage)
             ... on level 1 of the Lair of Beasts.
             The game lasted 00:40:15 (12537 turns).

thirtiethelement the Martial Artist (OpSh)         Turns: 12537, Time: 00:40:16

Health: -9/80      AC:  1    Str: 26    XL:     13   Next: 20%
Magic:  4/15       EV: 23    Int: 16    God:    Okawaru [*****.]
Gold:   617        SH: 21    Dex: 15    Spells: 8/15 levels left

rFire   . .          .
                       - Unarmed
rCold   . . .        G - +5 kite shield "Leump" {Int+3}
rNeg    + . .        (helmet currently unavailable)
rPois   .            D - amulet of reflection
rElec   .            i - ring of wizardry
rCorr   .            q - +6 ring of strength
SInv    .            t - +5 ring of evasion
Will    .....        y - ring of wizardry
Stlth   ++++++       p - ring of flight
HPRegen 0.33/turn    I - ring of positive energy
MPRegen 0.14/turn    S - +6 ring of strength
                     (no ring)

%: reflection, wizardry (x2)
@: beast-form, heroic, flying, hasted, very quick
A: beast (slay +4), almost no armour, amphibious, 8 rings, camouflage 1,
gelatinous body 1, (nimble swimmer 1), tentacles
a: Begin Untransformation, Renounce Religion, Heroism, Finesse, Duel


You were on level 1 of the Lair of Beasts.
You worshipped Okawaru.
Okawaru was extremely pleased with you.
You were a hulking beast.
You visited 3 branches of the dungeon, and saw 13 of its levels.

You collected 617 gold pieces.

Inventory:

Hand Weapons
 L - the +7 lajatang of Order {silver, rMut}
   (Okawaru gifted it to you on level 11 of the Dungeon)

   rMut:      It protects you from mutation.
Missiles
 l - 4 throwing nets
 r - 3 boomerangs
 z - 17 poisoned darts (quivered)
 J - 4 atropa-tipped darts
 N - 10 javelins
 O - 2 silver javelins
Armour
 G - the +5 kite shield "Leump" (worn) {Int+3}
   (Okawaru gifted it to you on level 11 of the Dungeon)

   Int+3:     It affects your intelligence (+3).
Jewellery
 i - a ring of wizardry (left tentacle)
 p - a ring of flight (on tentacle)
 q - a +6 ring of strength (right tentacle)
 t - a +5 ring of evasion (on tentacle)
 y - a ring of wizardry (on tentacle)
 D - an amulet of reflection (around mantle)
 I - a ring of positive energy (on tentacle)
 S - a +6 ring of strength (on tentacle)
Talismans
 b - a beast talisman
 c - a flux talisman
 j - a maw talisman
 P - a blade talisman
Wands
 d - a wand of iceblast (7)
 k - a wand of flame (7)
 B - a wand of quicksilver (11)
 C - a wand of paralysis (7)
 H - a wand of mindburst (4)
Scrolls
 f - 7 scrolls of teleportation {unknown}
 g - 2 scrolls of vulnerability {unknown}
 h - 3 scrolls of fog {unknown}
 m - 4 scrolls of enchant armour {unknown}
 M - a scroll of immolation
 Q - a scroll of revelation
Potions
 a - a potion of lignification
 e - 2 potions of cancellation
 n - 5 potions of curing
 o - a potion of magic
 s - 2 potions of ambrosia
 u - 2 potions of haste
 v - a potion of might
 w - 2 potions of enlightenment
 x - a potion of invisibility
 A - a potion of resistance
 E - 2 potions of brilliance {unknown}
 F - 3 potions of heal wounds {unknown}
 K - a potion of berserk rage {unknown}
Miscellaneous
 R - a condenser vane


   Skills:
 + Level 4.3(9.3) Fighting
 + Level 9.8(14.8) Throwing
 + Level 7.0(12.0) Dodging
 + Level 8.4(13.4) Stealth
 + Level 4.1(9.1) Shields
 + Level 12.9(17.9) Unarmed Combat
 + Level 1.6 Spellcasting
 + Level 1.3 Conjurations
 + Level 2.4 Alchemy
 + Level 1.5 Invocations
 + Level 0.6 Evocations
 * Level 9.9 Shapeshifting


You had 8 spell levels left.
You knew the following spells:

 Your Spells              Type           Power      Damage    Failure   Level
a - Teleport Other        Tloc           1%         N/A       28%         3
b - Necrotise             Necr           4%         1d4       11%         1
c - Sting                 Conj/Alch      28%        1d4       4%          1
d - Blink                 Tloc           2%         N/A       16%         2

Your spell library contained the following spells:

 Spells                   Type           Power      Damage    Failure   Level
 Magic Dart               Conj           20%        1d4       6%          1
 Mercury Vapours          Alch/Air       10%        N/A       10%         2
 Apportation              Tloc           2%         N/A       11%         1
 Lesser Beckoning         Tloc           2%         N/A       16%         2
 Gell's Gravitas          Tloc           1%         N/A       28%         3
 Vampiric Draining        Necr           1%         2d6       28%         3
 Olgreb's Toxic Radiance  Alch           9%         N/A       32%         4
 Anguish                  Hex/Necr       0%         N/A       63%         4
 Cause Fear               Hex            0%         N/A       63%         4
 Manifold Assault         Tloc           1%         N/A       63%         4
 Curse of Agony           Necr           1%         N/A       91%         5
 Dispersal                Tloc           0%         N/A       100%        6
 Enfeeble                 Hex            0%         N/A       100%        7
 Disjunction              Tloc           0%         N/A       100%        8
 Ignition                 Fire           0%         3d3       100%        8
 Summon Small Mammal      Summ           Unusable   N/A       N/A         1
 Call Imp                 Summ           Unusable   N/A       N/A         2
 Martyr's Knell           Necr/Summ      Unusable   N/A       N/A         4

Dungeon Overview and Level Annotations

Branches:
Dungeon (11/15)            Temple (1/1) D:4            Lair (1/5) D:10
    Orc (0/2) D:11

Altars:
Ashenzari
Cheibriados
Dithmenos
Elyvilon
Fedhas
Gozag
Hepliaklqana
Kikubaaqudgha
Makhleb
Nemelex Xobeh
Okawaru
Qazlal
Ru
Sif Muna
Trog
Uskayaw
Vehumet
Wu Jian
Xom
Yredelemnul
Zin
The Shining One

Shops:
D:10 =

Annotations:
Lair:1 LoggersVIII's ghost, journeyman OpEE


Innate Abilities, Weirdness & Mutations

You are a hulking beast.
Your limbs bulge with bestial killing power. (Slay +4)
You cannot wear most types of armour.
You are amphibious.
You can wear up to eight rings at the same time.
Your skin changes colour to match your surroundings (Stealth+).
Your rubbery body absorbs attacks. (AC +1, EV +1)
((You are camouflaged when in or above water. (Stealth+)))
You have tentacles for arms and can constrict up to eight enemies at once.


Message History

Unknown command.
You reach down and open the door.
There is an open translucent door here.
The helpless LoggersVIII's ghost fails to defend itself.
You bludgeon LoggersVIII's ghost!
Your squeeze misses LoggersVIII's ghost.
LoggersVIII's ghost is moderately damaged.
You tentacle-slap LoggersVIII's ghost.
LoggersVIII's ghost is moderately damaged.
You block LoggersVIII's ghost's attack. The +2 scimitar of chaos hits you!
The +2 scimitar of chaos freezes you.
You gain the combat prowess of a mighty hero.
The +2 scimitar of chaos hits you!!
You feel your power leaking away. You block LoggersVIII's ghost's attack.
Okay, then.
You barely miss LoggersVIII's ghost.
LoggersVIII's ghost is moderately damaged.
The +2 scimitar of chaos hits you. You block LoggersVIII's ghost's attack.
The +2 scimitar of chaos hits you! The +2 scimitar of chaos freezes you.
* * * LOW HITPOINT WARNING * * *
You feel yourself speed up.
You block the +2 scimitar of chaos's attack.
LoggersVIII's ghost stares at you and mumbles some strange words.
The blast of sand hits you!
* * * LOW HITPOINT WARNING * * *
The +2 scimitar of chaos attacks as it pursues you!
The +2 scimitar of chaos barely misses you.
The +2 scimitar of chaos attacks as it pursues you!
You block the +2 scimitar of chaos's attack.
You block the +2 scimitar of chaos's attack.
The +2 scimitar of chaos attacks as it pursues you!
You block the +2 scimitar of chaos's attack.
You miss the +2 scimitar of chaos.
Your grab misses the +2 scimitar of chaos.
Your squeeze misses the +2 scimitar of chaos.
You closely miss the +2 scimitar of chaos.
Your grab misses the +2 scimitar of chaos.
The +2 scimitar of chaos hits you!!
You die...

##...........#..##.....†#.##
.....#.....#....#.##...8.†...##
≈≈~... #.....#....##...........##
≈~~....#..........##......####.##
~~.....#.....######..8...#..####.
~~.....#....#.8.#.............#.#
.~............................+..
......#....8.>....8.>.8..8....#.
#+#.#.##...#....h#...............
...........##.8(#.............###
...........(#...###..8...######..
..................##......####...
.##.#.#.....###P.####........####
#.....#....##.##.....#...8.....P#
#.....#....#)_W#...#...........##
#.....#....##'##......##.......#.
#......................##....#.##


You could see a +2 scimitar of chaos.

Vanquished Creatures
  Harold (Lair:1)
  An ogre mage (D:11)
  Erica (D:8)
  6 two-headed ogres
  A boulder beetle (Lair:1)
  A death yak (Lair:1)
  Urug (Lair:1)
  3 elephants (Lair:1)
  A torpor snail (Lair:1)
  2 cane toads (Lair:1)
  A komodo dragon (Lair:1)
  A troll (D:11)
  A polar bear (Lair:1)
  Grinder (D:4)
  4 blink frogs (Lair:1)
  6 dream sheep (D:9)
  2 shadows (D:9)
  A vampire (D:10)
  A basilisk (Lair:1)
  45 yaks
  A steam dragon (D:9)
  2 vampire mosquitoes (D:11)
  Duvessa (D:7)
  11 water moccasins
  An ice beast (D:7)
  8 orc warriors
  A sky beast (D:7)
  2 black bears
  2 centaurs
  2 ogres
  2 kobold brigands
  4 phantoms
  10 bullfrogs
  3 scorpions
  5 wights (D:10)
  Dowan (D:7)
  26 killer bees
  4 howler monkeys
  An orc priest (D:9)
  3 bombardier beetles
  4 hounds
  A gnoll bouda (D:6)
  2 iguanas (D:5)
  13 orc wizards
  A sleepcap (D:5)
  Natasha (twice) (D:2)
  13 gnolls
  3 adders
  A white imp (D:8)
  2 ufetubi (D:5)
  2 ribbon worms (D:3)
  2 dart slugs
  68 orcs
  6 ball pythons
  6 bats
  2 endoplasms (D:1)
  A giant cockroach (D:2)
  7 goblins
  9 hobgoblins
  2 quokkas
  7 frilled lizards
  13 kobolds
  3 rats (D:2)
341 creatures vanquished.

Vanquished Creatures (others)
  A troll (D:9)
1 creature vanquished.

Grand Total: 342 creatures vanquished

Notes
Turn   | Place    | Note
-------+----------+-------------------------------------------
     0 | D:1      | thirtiethelement the Octopode Shapeshifter began the quest
                  | for the Orb.
     0 | D:1      | Reached XP level 1. HP: 13/13 MP: 1/1
   275 | D:1      | Reached XP level 2. HP: 10/18 MP: 2/2
   911 | D:2      | Noticed Natasha
   917 | D:2      | Killed Natasha
   918 | D:2      | Reached skill level 1 in Stealth
   918 | D:2      | Reached XP level 3. HP: 23/23 MP: 3/3
  1089 | D:2      | Reached XP level 4. HP: 26/28 MP: 4/4
  1183 | D:2      | Found an opulent altar of Gozag.
  1364 | D:2      | Reached XP level 5. HP: 10/33 MP: 5/5
  1636 | D:2      | Noticed Natasha
  1645 | D:2      | Killed Natasha
  1996 | D:3      | Found an opulent altar of Gozag.
  2021 | D:3      | Found a faded altar of an unknown god.
  2070 | D:3      | Reached skill level 4 in Unarmed Combat
  2215 | D:3      | Found a sacrificial altar of Ru.
  2310 | D:3      | Found a white marble altar of Elyvilon.
  2544 | D:3      | Found a blossoming altar of Fedhas.
  2709 | D:4      | Found a staircase to the Ecumenical Temple.
  2770 | Temple   | Entered the Ecumenical Temple
  2801 | Temple   | Became a worshipper of Warmaster Okawaru
  2876 | D:4      | Noticed Grinder
  2882 | D:4      | Paralysed by Grinder for 4 turns
  2893 | D:4      | Killed Grinder
  2894 | D:4      | Reached XP level 6. HP: 24/38 MP: 6/6
  2999 | D:4      | Reached XP level 7. HP: 39/43 MP: 7/7
  3002 | D:4      | Reached * piety under Okawaru
  3239 | D:5      | Entered Level 5 of the Dungeon
  3263 | D:5      | Reached skill level 5 in Unarmed Combat
  3338 | D:5      | Found a burning altar of Makhleb.
  3508 | D:5      | Reached skill level 5 in Shapeshifting
  3548 | D:5      | Found a hazy altar of Hepliaklqana.
  3623 | D:5      | Reached XP level 8. HP: 50/50 MP: 8/8
  3777 | D:5      | Found a radiant altar of Vehumet.
  4037 | D:6      | Reached skill level 6 in Unarmed Combat
  4103 | D:6      | Noticed a yak
  4107 | D:6      | Noticed a yak
  4107 | D:6      | Noticed a yak
  4282 | D:5      | Killed a yak
  4282 | D:5      | Reached ** piety under Okawaru
  4346 | D:6      | Killed a yak
  4347 | D:6      | Reached skill level 5 in Stealth
  4631 | D:6      | Reached XP level 9. HP: 54/54 MP: 9/9
  4696 | D:6      | Reached skill level 7 in Unarmed Combat
  4729 | D:6      | Reached skill level 5 in Throwing
  4732 | D:6      | Reached *** piety under Okawaru
  4747 | D:6      | Reached skill level 8 in Unarmed Combat
  4950 | D:6      | Learned a level 3 spell: Teleport Other
  4985 | D:6      | Learned a level 1 spell: Necrotise
  5501 | D:7      | Learned a level 1 spell: Sting
  5649 | D:7      | Reached XP level 10. HP: 58/62 MP: 5/10
  5953 | D:7      | Reached **** piety under Okawaru
  6048 | D:7      | Noticed Dowan
  6050 | D:7      | Noticed Duvessa
  6061 | D:7      | Killed Duvessa
  6062 | D:7      | Killed Dowan
  6106 | D:7      | Reached skill level 1 in Alchemy
  6170 | D:7      | Found a snail-covered altar of Cheibriados.
  6271 | D:7      | Got the Spellbook of the Map and Incineration
  7053 | D:8      | Noticed Erica
  7061 | D:8      | Killed Erica
  7062 | D:8      | Reached skill level 9 in Unarmed Combat
  7062 | D:8      | Reached skill level 1 in Spellcasting
  7062 | D:8      | Reached skill level 1 in Conjurations
  7913 | D:9      | Learned a level 2 spell: Blink
  8122 | D:9      | Reached ***** piety under Okawaru
  8258 | D:9      | Reached XP level 11. HP: 58/67 MP: 13/13
  8460 | D:9      | Reached skill level 5 in Dodging
  8693 | D:9      | Found a sparkling altar of Nemelex Xobeh.
  8746 | D:9      | Reached skill level 10 in Unarmed Combat
  8765 | D:9      | Reached skill level 1 in Shields
  8794 | D:9      | Found the +5 robe of Night {Dark Will+ SInv}
  8929 | D:9      | Noticed a two-headed ogre
  8943 | D:9      | Killed a two-headed ogre
  8943 | D:9      | Received a gift from Okawaru
  9067 | D:10     | Entered Level 10 of the Dungeon
  9067 | D:10     | Noticed a two-headed ogre
  9073 | D:10     | Killed a two-headed ogre
  9198 | D:10     | Found Hiocrec's Jewellery Shoppe.
  9687 | D:10     | Found a staircase to the Lair.
  9843 | D:11     | Received a gift from Okawaru
 10301 | D:11     | Noticed a two-headed ogre
 10302 | D:11     | Noticed a two-headed ogre
 10302 | D:11     | Noticed an ogre mage
 10304 | D:11     | Noticed a two-headed ogre
 10304 | D:11     | Noticed a two-headed ogre
 10308 | D:11     | Killed a two-headed ogre
 10308 | D:11     | Killed an ogre mage
 10308 | D:11     | Killed a two-headed ogre
 10309 | D:11     | Reached skill level 11 in Unarmed Combat
 10309 | D:11     | Reached XP level 12. HP: 74/74 MP: 14/14
 10314 | D:11     | Killed a two-headed ogre
 10314 | D:11     | Reached ****** piety under Okawaru
 10316 | D:11     | Killed a two-headed ogre
 10321 | D:11     | Acquired the +5 kite shield "Leump" {Int+3}
 10321 | D:11     | Received a gift from Okawaru
 10328 | D:11     | Acquired the +7 lajatang of Order {silver, rMut}
 10328 | D:11     | Received a gift from Okawaru
 10328 | D:11     | Found the +7 lajatang of Order {silver, rMut}
 11056 | D:11     | Found a staircase to the Orcish Mines.
 11219 | Lair:1   | Entered Level 1 of the Lair of Beasts
 11219 | Lair:1   | Noticed Harold
 11230 | Lair:1   | Killed Harold
 11230 | Lair:1   | Received a gift from Okawaru
 11637 | Lair:1   | Reached skill level 12 in Unarmed Combat
 11847 | Lair:1   | Reached skill level 1 in Invocations
 11918 | Lair:1   | Received a gift from Okawaru
 11932 | Lair:1   | Noticed a boulder beetle
 11953 | Lair:1   | Killed a boulder beetle
 11953 | Lair:1   | Noticed Urug
 12049 | Lair:1   | Killed Urug
 12050 | Lair:1   | Reached XP level 13. HP: 80/80 MP: 15/15
 12458 | Lair:1   | Received a gift from Okawaru
 12516 | Lair:1   | Found a runed translucent door.
 12516 | Lair:1   | Found a shimmering altar of Xom.
 12516 | Lair:1   | Noticed LoggersVIII's ghost (journeyman OpEE)
 12537 | Lair:1   | Mangled by a +2 scimitar of chaos

Illustrated notes

Levels and vault maps discovered:
D:1:      dpeg_arrival_rhombi, layout_loops_corners
D:2:      layout_rooms, serial_co_window_serial, co_window_cross_1,
          co_window_paths_b, co_window_corner_a, co_window_corner_a,
          co_window_corner_a, co_window_cross_4, co_window_unsneaky_path_a,
          co_window_broadway_a, co_window_broadway_a, co_window_4corner_b,
          basic_altar, uniq_natasha
D:3:      layout_rooms, lemuel_round_altar, fedhas_altar_fruit_tree,
          mainiacjoe_overflow_catwalk, lemuel_round_altar,
          ebering_ecumenical_altar_rust, chequers_hall_statues_wall_a,
          amethyst_killhole
D:4:      layout_rooms, minmay_temple_entry_slanted, reono_crystal_passage,
          minivault_24, uniq_grinder
D:5:      layout_rooms, nicolae_vehumet_altar_sigil,
          mainiacjoe_overflow_boulevard, mainiacjoe_overflow_surrounded_room,
          hangedman_decor_points, minmay_misc_feat_cross
D:6:      layout_basic
D:7:      layout_gridville, mainiacjoe_overflow_small_starburst, uniq_duvessa
D:8:      layout_basic, grunt_decor_resistance, uniq_erica
D:9:      layout_roguey [special_room_orc], kennysheep_little_box,
          hellmonk_guarded_unrand_night
D:10:     layout_rooms, due_lair_maze_entry_diamond, nicolae_stop_n_shop_1,
          minmay_misc_feat_plants
D:11:     layout_basic, david_orc_4
Temple:   dshaligram_water_room_temple
Lair:1:   layout_regular_city, ebering_ghost_xom, wad_woods_03,
          grunt_megastairs_3, infiniplex_staircase_pool_2, uniq_urug,
          uniq_harold

Skill      XL: |  1  2  3  4  5  6  7  8  9 10 11 12 13 |
---------------+----------------------------------------+-----
Stealth        | 1 3 4 5 6 7 8 |  8.4
Shapeshifting  | 4 5 7 9 |  9.9
Unarmed Combat | 4 5 6 8 9 11 12 | 12.9
Throwing       | 2 3 4 6 7 8 9 |  9.8
Dodging        | 3 4 6 7 |  7.0
Fighting       | 2 3 4 |  4.3
Alchemy        | 2 |  2.4
Spellcasting   | 1 |  1.6
Conjurations   | 1 |  1.3
Shields        | 1 3 4 |  4.1
Invocations    | 1 |  1.5
Evocations     | |  0.6

Action                     |  1- 3 |  4- 6 |  7- 9 | 10-12 | 13-15 || total
---------------------------+-------+-------+-------+-------+-------++-------
  Melee: Unarmed           |    30 |    83 |   140 |   382 |    53 ||   688
         Tentacles         |     8 |    13 |    38 |    93 |    15 ||   167
         Constrict         |     5 |    17 |    21 |    59 |     1 ||   103
         Punch             |     1 |     5 |     5 |    33 |     3 ||    47
  Throw: Javelin           |     6 |     6 |    10 |    21 |       ||    43
         Boomerang         |       |    29 |    48 |   155 |     1 ||   233
         Dart              |       |       |    12 |    13 |     6 ||    31
   Cast: Sting             |       |       |    10 |    20 |       ||    30
 Invoke: Heroism           |       |       |       |     5 |     3 ||     8
         Receive Weapon    |       |       |       |     1 |       ||     1
         Receive Armour    |       |       |       |     1 |       ||     1
  Evoke: Wand              |       |       |       |     6 |       ||     6
    Use: Scroll            |       |       |     8 |     7 |       ||    15
         Potion            |       |       |       |       |     1 ||     1
   Stab: Sleeping          |     4 |     7 |     8 |     7 |     1 ||    27
         Distracted        |       |       |       |     1 |       ||     1
         Paralysed         |       |       |       |     3 |       ||     3
 Armour: Skin              |     8 |    33 |    54 |    90 |    12 ||   197
  Dodge: Dodged            |    17 |    52 |    84 |   218 |     6 ||   377
  Block: Other             |       |       |       |    37 |       ||    37
         Kite shield       |       |       |       |    98 |    26 ||   124
         Reflection        |       |       |       |     4 |       ||     4
